 Dungeon Crawl Stone Soup version 0.31-a0-4-gefa6de2278 (webtiles) character file.

Game seed: 13138891531555402018

32 Chudface the Trooper (level 3, -7/29 HPs)
             Began as a Mummy Fighter on May 4, 2023.
             Mangled by an iguana (8 damage)
             ... on level 2 of the Dungeon.
             The game lasted 00:02:26 (1189 turns).

Chudface the Trooper (Mummy Fighter)                Turns: 1189, Time: 00:02:27

Health: -7/29      AC:  6    Str: 19    XL:     3   Next: 8%
Magic:  0/3        EV:  9    Int: 13    God:
Gold:   116        SH:  4    Dex: 13    Spells: 2/2 levels left

rFire   x . .        a - +0 flail
rCold   + + .        c - +0 buckler
rNeg    + + +        j - +0 scale mail
rPois   ∞            (no helmet)
rElec   .            (no cloak)
rCorr   .            (no gloves)
SInv    .            (no boots)
Will    .....        g - amulet of guardian spirit Stlth
                     i - +6 ring of intelligence
HPRegen 0.24/turn    h - ring of protection from cold
MPRegen 0.08/turn

%: guardian spirit, faith
@: no status effects
A: cold resistance 1, negative energy resistance 3, torment resistance 2, heat
vulnerability 1, in touch with death 1, no potions, faith
a: no special abilities


You were on level 2 of the Dungeon.
You visited 1 branch of the dungeon, and saw 2 of its levels.

You collected 116 gold pieces.

Inventory:

Hand Weapons
 a - a +0 flail (weapon)
 b - a +0 sling
Armour
 c - a +0 buckler (worn)
 j - a +0 scale mail (worn)
Jewellery
 g - an amulet of guardian spirit (around neck)
 h - a ring of protection from cold (right hand)
 i - a +6 ring of intelligence (left hand)
Scrolls
 d - a scroll of immolation {unknown}
 e - 2 scrolls of magic mapping {unknown}
 f - a scroll of noise {unknown}


   Skills:
 - Level 3.0 Fighting
 + Level 2.3 Maces & Flails
 - Level 2.4 Armour
 + Level 3.0 Shields


You had 2 spell levels left.
You didn't know any spells.
Your spell library was empty.

Dungeon Overview and Level Annotations

Branches:
Dungeon (2/15)

Altars:

Shops:
D:1 !


Innate Abilities, Weirdness & Mutations

You are immune to poison.
Your flesh is cold resistant. (rC+)
You are immune to negative energy. (rN+++)
You are immune to unholy pain and torment.
You are vulnerable to heat. (rF-)
You are in touch with the powers of death.
You do not drink.
You have a special connection with the divine. (Faith)


Message History

You kill the bat!
No target in view!
Things that are here:
a +0 short sword; a kobold corpse You open the door.
An iguana comes into view.
The iguana hisses angrily.
Found a dagger.
There is an open door here.
You hit the iguana.
The iguana is lightly wounded.
The iguana bites you.
You closely miss the iguana.
The iguana is lightly wounded.
The iguana barely misses you. You block the iguana's attack.
You hit the iguana but do no damage.
The iguana is lightly wounded.
The iguana bites you!
You hit the iguana but do no damage.
The iguana is lightly wounded.
The iguana closely misses you.
You barely miss the iguana.
The iguana is lightly wounded.
The iguana bites you. x2
You hit the iguana but do no damage.
The iguana is lightly wounded.
The iguana bites you.
You hit the iguana.
The iguana is lightly wounded.
The iguana completely misses you.
You barely miss the iguana.
The iguana is lightly wounded.
The iguana bites you!
* * * LOW HITPOINT WARNING * * *
The iguana bites you!
* * * LOW HITPOINT WARNING * * *
You hit the iguana but do no damage.
The iguana is lightly wounded.
The iguana bites you!
You die...

######## #......#
#......# #+#####......#
.............# #######
.............###.....###
...............'@l.)....
.......#########.....###
#+# .......# #.....#
#.#### ##...)#####
###...# #....#
####.†...#### ...#
#.##.# #####....# ...#
#.##.. #######.## ..#
###.#### #........## ..#
#...# #. #.....)...#
#...# #.


You could see an iguana.

Vanquished Creatures
  A dart slug (D:1)
  2 bats
  3 endoplasms
  A giant cockroach (D:1)
  4 goblins (D:2)
  3 hobgoblins
  2 quokkas (D:2)
  5 ball pythons
  2 frilled lizards
  2 kobolds (D:2)
  A rat (D:2)
26 creatures vanquished.

Notes
Turn   | Place    | Note
-------+----------+-------------------------------------------
     0 | D:1      | Chudface the Mummy Fighter began the quest for the Orb.
     0 | D:1      | Reached XP level 1. HP: 18/18 MP: 1/1
    76 | D:1      | Found Fogiokeb's Distillery.
   109 | D:1      | Reached XP level 2. HP: 10/24 MP: 2/2
  1095 | D:2      | Gained mutation: You are in touch with the powers of death.
                  | [Mummy growth]
  1095 | D:2      | Reached XP level 3. HP: 26/29 MP: 1/3
  1188 | D:2      | HP: 1/29 [iguana (6)]
  1189 | D:2      | Mangled by an iguana

Illustrated notes

Levels and vault maps discovered:
D:1:      lemuel_arrival_river_ford, layout_loops_ring, serial_shops,
          nicolae_shop_industrial_runoff
D:2:      layout_basic

Skill      XL: |  1  2 |
---------------+-------+-----
Maces & Flails | 2 |  2.3
Shields        | 3 |  3.0
Fighting       | |  3.0
Armour         | |  2.4

Action                     || total
---------------------------++-------
  Melee: Flail             ||    87
   Fire: Sling             ||     2
 Armour: Scale mail        ||    47
  Dodge: Dodged            ||    41
  Block: Buckler           ||    25

Table legend: (Time is in decaauts)
 A = Elapsed time spent in this place.
 B = Non-inter-level travel time spent in this place.
 C = Inter-level travel time spent in this place.
 D = Time resting spent in this place.
 E = Time spent auto-exploring this place.
 F = Levels seen in this place.
 G = Mean time per level.
                   A        B        C        D        E       F      G
               +--------+--------+--------+--------+--------+-----+--------+
         Total |   1226 |   1212 |     14 |     61 |    906 |   2 |  613.0 |
       Dungeon |   1226 |   1212 |     14 |     61 |    906 |   2 |  613.0 |
               +--------+--------+--------+--------+--------+-----+--------+

Top non-repeatable levels by time:
     D:1: 824 daAuts
     D:2: 402 daAuts
